 Dungeon Crawl Stone Soup version 0.28-a0-1152-g9c71ebef14 (webtiles) character file.

Game seed: 545955141785932410

5947 spaghetti the Spear-Bearer (level 11, -3/71 HPs)
             Began as a Djinni Delver on Dec 14, 2021.
             Was an Initiate of Gozag.
             Slain by a seven-headed hydra (6 damage)
             ... on level 8 of the Dungeon.
             The game lasted 00:19:49 (10421 turns).

spaghetti the Spear-Bearer (Djinni Delver)         Turns: 10421, Time: 00:19:50

Health: -3/71      AC:  8    Str: 13    XL:     11   Next: 9%
Gold:   442        EV: 13    Int: 15    God:    Gozag SH:  0 Dex: 17

rFire   + + +      SeeInvis .   h - +5 trident of Division {holy, rPois Dex+3, polearm}
rCold   x . .      Faith    .   (no shield)
rNeg    . . .      Spirit   .   e - +2 robe {rF+}
rPois   ∞          Reflect  .   r - +0 helmet
rElec   .          Harm     .   n - +1 cloak
rCorr   .          Rampage  .   w - +0 pair of gloves
Will    +....                   (boots unavailable)
Stlth   +++.......              (no amulet)
HPRegen 0.21/turn               (no ring)
MPRegen 0.00/turn               (no ring)

@: flying
A: sickness immunity, fire resistance 2, cold vulnerability 1, float, innate
caster, hp casting, extra vitality 1
a: Renounce Religion, Potion Petition, Call Merchant, Bribe Branch


You were on level 8 of the Dungeon.
You worshipped Gozag.
Gozag was aware of your devotion.
You visited 2 branches of the dungeon, and saw 10 of its levels.

You collected 1267 gold pieces.
You paid 825 gold pieces to Gozag.


Innate Abilities, Weirdness & Mutations

You are immune to sickness and miasma.
You are immune to poison.
Your flesh is very heat resistant. (rF++)
You are vulnerable to cold. (rC-)
You float through the air rather than walking.
You learn spells naturally, not from books.
Your magical power is your life essence.
You have superior vitality. (+4 HP)


   Skills:
 - Level 3.0 Fighting
 - Level 1.7 Long Blades
 + Level 13.2 Polearms
 - Level 2.6 Dodging
 - Level 4.1 Stealth


You couldn't memorise any spells.
You knew the following spells:

 Your Spells              Type           Power      Damage    Failure   Level
a - Animate Skeleton      Necr           0%         N/A       26%         1
b - Poisonous Vapours     Pois/Air       0%         N/A       38%         2
c - Swiftness             Air            0%         N/A       63%         3
d - Confusing Touch       Hex            0%         N/A       63%         3
e - Lightning Bolt        Conj/Air       0%         1d11      100%        5
Your spell library was empty.

Inventory:

Hand Weapons
 a - a +1 falchion of freezing {long}
 h - the +5 trident of Division (weapon) {holy, rPois Dex+3, polearm}
   (You found it on level 4 of the Dungeon)

   It has been blessed by the Shining One to cause great damage to the undead
   and demons.
   Dex:       It affects your dexterity (+3).
   rPois:     It protects you from poison.
 s - the +1 dagger "Ewnuin" {vorpal, rElec, short}
   (You found it on level 4 of the Dungeon)

   It inflicts extra damage upon your enemies.
   rElec:     It insulates you from electricity.
Missiles
 i - 206 stones (quivered) {throwing}
 l - 9 javelins {throwing}
 o - 181 arrows
 t - 108 bolts
 u - 92 poisoned darts {throwing}
 y - 3 boomerangs {throwing}
Armour
 b - a +0 leather armour
 e - a +2 robe of fire resistance (worn)
   (You took it off Sigmund on level 2 of the Dungeon)
 n - a +1 cloak (worn)
   (You found it on level 3 of the Dungeon)
 r - a +0 helmet (worn)
   (You found it on level 7 of the Dungeon)
 w - a +0 pair of gloves (worn)
   (You found it on level 7 of the Dungeon)
 x - a +0 kite shield
   (You found it on level 1 of the Dungeon)
 E - a +0 pair of gloves
   (You found it on level 1 of the Dungeon)
Magical Staves
 G - a staff of conjuration {!a@e2staff}
   (You found it on level 1 of the Dungeon)
Jewellery
 p - a ring of magical power
   (You found it on level 7 of the Dungeon)
 A - a ring of protection from fire
   (You found it on level 1 of the Dungeon)
Scrolls
 d - a scroll of magic mapping {!r}
 g - a scroll of enchant weapon
 k - 11 scrolls of identify {@r1}
 v - a scroll of vulnerability {!r!r}
 C - a scroll of enchant armour
 F - a scroll of brand weapon
 J - a scroll of torment {!r}
Potions
 f - 3 potions of brilliance
 q - 2 potions of magic

Dungeon Overview and Level Annotations

Branches:
Dungeon (9/15)             Temple (1/1) D:5            Lair (0/6) D:9
    Orc: D:9-12

Altars:
Ashenzari
Cheibriados
Dithmenos
Elyvilon
Fedhas
Gozag
Hepliaklqana
Makhleb
Nemelex Xobeh
Okawaru
Qazlal
Ru
Sif Muna
Trog
Uskayaw
Vehumet
Xom
Yredelemnul
Zin
The Shining One
Jiyva

Shops:
D:1 ( D:3

[:*
##.#.###........#
###
##...##........#
##..##........#
##..####'#####
##.####'###
#..##....#
########.##....#
#.........#....#
###......@..#....#
...........D.#....#
############)#)...#
#..#'### ##)#.#
#.#.# #)#.# #)#.#
#.).#


You could see a seven-headed hydra.


Message History

You now have 412 gold pieces (gained 17).
Found a stone staircase leading up.
c - a scroll labelled REMUQUY OXZIJ No target in view!
As you read the scroll labelled REMUQUY OXZIJ, it crumbles to dust.
Wisps of shadow whirl around you...
It was a scroll of summoning.
Unknown command.
You swap places.
You swap places.
You swap places.
You swap places.
You swap places.
You swap places.
You swap places.
Your yak dissolves into shadows!
Key pressed, stopping explore.
There is a stone staircase leading down here.
Your yak dissolves into shadows!
You reach down and open the door.
There is an open door here.
You see here a +0 war axe {axe}.
You now have 426 gold pieces (gained 14).
You see here a +0 chain mail.
There is an open door here.
There is an open door here.
You see here a +0 scale mail.
There is an open door here.
You see here a +0 vorpal hand axe {axe}.
You now have 432 gold pieces (gained 6).
You now have 438 gold pieces (gained 6).
You reach down and open the door.
There is an open door here.
There is a stone staircase leading down here.
There is an open door here.
You see here a +0 club {mace}.
You see here a +0 flail {mace}.
Items here: )))) [.
Items here: )))) [.
You see here a +0 spear {polearm}.
You see here a +0 whip {mace}.
You now have 442 gold pieces (gained 4).
Things that are here:
a +1 leather armour of cold resistance; a +0 club {mace}
There is a stone staircase leading down here.
The seven-headed hydra roars!
You reach to attack!
You puncture the seven-headed hydra! You puncture the seven-headed hydra!
You puncture the seven-headed hydra! The seven-headed hydra bites you!
The seven-headed hydra closely misses you.
The seven-headed hydra bites you but does no damage.
The seven-headed hydra misses you. The seven-headed hydra bites you.
The seven-headed hydra completely misses you.
The seven-headed hydra barely misses you. 😕 HP[-17]
You take 17 damage, and now have 54/71 hp.
MASSIVE DAMAGE!! (PAUSE)
You hit the seven-headed hydra. The seven-headed hydra misses you.
The seven-headed hydra completely misses you.
The seven-headed hydra bites you. The seven-headed hydra misses you.
The seven-headed hydra closely misses you.
The seven-headed hydra bites you!
The seven-headed hydra bites you but does no damage. 😮 HP[-14]
You take 14 damage, and now have 40/71 hp.
You hit the seven-headed hydra. You puncture the seven-headed hydra!
The seven-headed hydra bites you but does no damage.
The seven-headed hydra bites you. The seven-headed hydra bites you!
* * * LOW HITPOINT WARNING * * *
The seven-headed hydra bites you!
* * * LOW HITPOINT WARNING * * *
The seven-headed hydra bites you.
* * * LOW HITPOINT WARNING * * *
The seven-headed hydra bites you but does no damage.
The seven-headed hydra bites you!
* * * LOW HITPOINT WARNING * * *
😱 HP[-36]
You take 36 damage, and now have 4/71 hp.
MASSIVE DAMAGE!! (PAUSE) Unknown command.
You aren't carrying any items that you can evoke. 😱 HP[+1]
Okay, then.
You need no library to learn spells.
Unknown command.
You see here a +0 whip {mace}. 😱 HP[+1]
You see here a +0 spear {polearm}.
Items here: )))) [.
Items here: )))) [.
You see here a +0 flail {mace}. 😱 HP[+1]
You see here a +0 club {mace}.
The seven-headed hydra bites you.
* * * LOW HITPOINT WARNING * * *
The seven-headed hydra barely misses you.
The seven-headed hydra bites you but does no damage. x3
The seven-headed hydra bites you.
You die...
Your body crumbles into a pile of gold.

Skill      XL: |  1  2  3  4  5  6  7  8  9 10 11 |
---------------+----------------------------------+-----
Polearms       | 1 2 3 4 5 6 8 10 12 13 | 13.2
Fighting       | |  3.0
Long Blades    | |  1.7
Dodging        | |  2.6
Stealth        | |  4.1

Action                   |  1- 3 |  4- 6 |  7- 9 | 10-12 || total
-------------------------+-------+-------+-------+-------++-------
Melee: Trident           |    30 |    67 |   264 |   290 ||   651
Throw: Stone             |       |     1 |     7 |    23 ||    31
Invok: Potion Petition   |       |       |       |     2 ||     2
Evoke: Wand              |       |     3 |    24 |     5 ||    32
  Use: Scroll            |     1 |     2 |     9 |     8 ||    20
       Potion            |       |     7 |     8 |     3 ||    18
 Stab: Sleeping          |     1 |     8 |    20 |     5 ||    34
       Distracted        |       |       |     5 |     1 ||     6
       Paralysed         |       |       |     1 |       ||     1
Armor: Leather armour    |    10 |     8 |     2 |       ||    20
       Robe              |       |       |    54 |    79 ||   133
Dodge: Dodged            |    13 |    32 |   114 |   133 ||   292

Levels and vault maps discovered:
D:1:      saegor_arrival_miasma, layout_loops_ring, serial_shops, shop,
          minmay_misc_feat_plants, minmay_split_cup_large
D:2:      layout_loops_ring, minmay_pentomino_u4, uniq_sigmund, uniq_jessica
D:3:      minmay_skewed_foursquare, layout_loops_ring, amcnicky_altar_gilded,
          mainiacjoe_overflow_24_doors, serial_shops, shop,
          nicolae_diamond_shop, shop, uniq_ijyb
D:4:      layout_cave_pools, bloody_trog, hangedman_glass_teeth,
          eino_tiny_chamber
D:5:      layout_rooms, old_standard_altar, mainiacjoe_overflow_catwalk,
          dancing_weapons_uskayaw, minmay_temple_entry_fiery, uniq_grinder
D:6:      kennysheep_six_static_rooms, layout_rooms,
          grunt_temple_overflow_holy_war, uniq_prince_ribbit1, uniq_menkaure,
          uniq_blork_the_orc
D:7:      layout_rooms
D:8:      minmay_chambers_of_fours, layout_basic
D:9:      layout_rooms, amethyst_overflow_temple_binary, david_lair_generic,
          orc_0_dummy
Temple:   pf_slime_end_temple

Notes
Turn   | Place    | Note
-------+----------+-------------------------------------------
     0 | D:5      | spaghetti the Djinni Delver began the quest for the Orb.
     0 | D:5      | Reached XP level 1. HP: 20/20 MP: 0/0
     0 | D:5      | magus.rc [v1.9.6]
    16 | D:4      | Identified the +5 trident of Division {holy, rPois Dex+3}
    27 | D:3      | Found Ashreoti's Book Emporium.
   200 | D:3      | Found Gyuklogump's Armour Shoppe.
   253 | D:3      | Reached skill level 1 in Polearms
   253 | D:3      | Reached XP level 2. HP: 16/25 MP: 0/0
   366 | D:3      | Reached skill level 2 in Polearms
   366 | D:3      | Reached XP level 3. HP: 23/30 MP: 0/0
   366 | D:3      | Learned a level 1 spell: Animate Skeleton
   378 | D:3      | Reached XP level 4. HP: 22/35 MP: 0/0
   752 | D:3      | Found Hosel's Assorted Antiques.
   879 | D:3      | Found a glowing silver altar of Zin.
  1013 | D:3      | Noticed Ijyb
  1018 | D:3      | Killed Ijyb
  1019 | D:3      | Reached skill level 3 in Polearms
  1150 | D:3      | Found a shadowy altar of Dithmenos.
  1396 | D:4      | Found a bloodstained altar of Trog.
  1405 | D:4      | Identified the +1 dagger "Ewnuin" {vorpal, rElec}
  1435 | D:4      | Reached XP level 5. HP: 40/40 MP: 0/0
  1435 | D:4      | Learned a level 2 spell: Poisonous Vapours
  1848 | D:5      | Noticed a +0 dagger
  1848 | D:5      | Noticed a +0 dagger
  1848 | D:5      | Noticed a kobold brigand
  1860 | D:4      | Killed a kobold brigand
  1861 | D:4      | Reached skill level 4 in Polearms
  1861 | D:4      | Reached XP level 6. HP: 25/46 MP: 0/0
  2049 | D:5      | HP: 3/46 [acid (10)]
  2057 | D:5      | Noticed a water moccasin
  2068 | D:5      | Found a white marble altar of Elyvilon.
  2069 | D:5      | Noticed a black bear
  2081 | D:5      | Noticed Grinder
  2096 | D:5      | Killed a water moccasin
  2099 | D:5      | Reached skill level 5 in Polearms
  2112 | D:5      | Found a hide-covered altar of Uskayaw.
  2290 | D:2      | Noticed Sigmund
  2329 | D:2      | Killed Sigmund
  2330 | D:2      | Reached XP level 7. HP: 50/50 MP: 0/0
  2330 | D:2      | Learned a level 3 spell: Swiftness
  2509 | D:2      | Noticed Jessica
  2518 | D:2      | Killed Jessica
  2519 | D:2      | Reached skill level 6 in Polearms
  3515 | D:1      | Found Toas's Weapon Shoppe.
  3917 | D:5      | Reached XP level 8. HP: 49/56 MP: 0/0
  3956 | D:5      | Killed Grinder
  3957 | D:5      | Reached skill level 7 in Polearms
  4103 | D:5      | Found a stormy altar of Qazlal.
  4377 | D:5      | Found a staircase to the Ecumenical Temple.
  4383 | Temple   | Entered the Ecumenical Temple
  4510 | Temple   | Became a worshipper of Gozag Ym Sagoz the Greedy
  4610 | D:6      | Noticed Prince Ribbit
  4732 | D:7      | Reached skill level 8 in Polearms
  4742 | D:7      | HP: 14/56 [white imp/puff of frost (7)]
  4931 | D:7      | HP: 13/56 [killer bee (6)]
  4946 | D:7      | Reached XP level 9. HP: 31/60 MP: 0/0
  4946 | D:7      | Learned a level 3 spell: Confusing Touch
  5193 | D:7      | Reached skill level 9 in Polearms
  5213 | D:7      | Noticed a kobold demonologist
  5221 | D:7      | Noticed an orange demon
  5227 | D:7      | Noticed a smoke demon
  5228 | D:7      | HP: 14/60 [something/ball of steam[a kobold demonologist]
                  | (6)]
  5285 | D:6      | Noticed Blork the orc
  5286 | D:6      | HP: 10/60 [Blork the orc/puff of frost (16)]
  5298 | D:6      | HP: 11/60 [Blork the orc/puff of flame (1)]
  5299 | D:6      | HP: 2/60 [Blork the orc/magic dart (10)]
  5401 | D:6      | Killed Blork the orc
  5426 | D:6      | Noticed Menkaure
  5431 | D:6      | HP: 15/60 [??? (13)]
  5433 | D:6      | Killed Menkaure
  5724 | D:6      | Found a glowing golden altar of the Shining One.
  5738 | D:6      | Reached skill level 10 in Polearms
  6357 | D:6      | Killed Prince Ribbit
  6452 | D:6      | HP: 12/60 [ice beast (12)]
  6470 | D:6      | Reached XP level 10. HP: 17/67 MP: 0/0
  6866 | D:6      | Found a basalt altar of Yredelemnul.
  6868 | D:6      | Noticed a profane servitor
  6874 | D:6      | Noticed an angel
  7120 | D:7      | Reached skill level 11 in Polearms
  7470 | D:7      | Killed a kobold demonologist
  7622 | D:8      | Noticed a two-headed ogre
  7630 | D:8      | Killed a two-headed ogre
  7631 | D:8      | Reached skill level 12 in Polearms
  7923 | D:8      | HP: 15/67 [gnoll sergeant (3)]
  8923 | D:8      | Noticed a seven-headed hydra
  9166 | D:9      | HP: 13/67 [something (19)]
  9169 | D:9      | HP: 1/67 [orc warrior (12)]
  9178 | D:9      | HP: 13/67 [orc warrior (9)]
  9180 | D:9      | HP: 4/67 [orc warrior (9)]
  9193 | D:9      | Reached XP level 11. HP: 41/71 MP: 0/0
  9193 | D:9      | Learned a level 5 spell: Lightning Bolt
  9224 | D:9      | Reached skill level 13 in Polearms
  9526 | D:9      | Noticed an elephant
  9555 | D:9      | Found a sparkling altar of Nemelex Xobeh.
  9579 | D:8      | HP: 15/71 [water moccasin (7)]
  9611 | D:8      | HP: 15/71 [bullfrog (6)]
  9613 | D:8      | HP: 7/71 [bullfrog (3)]
  9937 | D:9      | Found a staircase to the Lair.
 10402 | D:8      | HP: 16/71 [seven-headed hydra (3)]
 10402 | D:8      | HP: 4/71 [seven-headed hydra (12)]
 10421 | D:8      | HP: 3/71 [seven-headed hydra (5)]
 10421 | D:8      | Slain by a seven-headed hydra

Vanquished Creatures
  A two-headed ogre (D:8)
  A kobold demonologist (D:7)
  Grinder (D:5)
  Prince Ribbit (D:6)
  Sigmund (D:2)
  A shadow (D:9)
  A wyvern (D:9)
  A wraith (D:7)
  A basilisk (D:9)
  Menkaure (D:6)
  4 water moccasins
  2 ice beasts (D:6)
  3 orc warriors
  3 black bears
  A necrophage (D:8)
  An ogre (D:6)
  3 kobold brigands
  Blork the orc (D:6)
  3 bullfrogs
  A gnoll sergeant (D:8)
  5 killer bees (D:7)
  10 wights
  4 howler monkeys
  A centaur zombie (D:9)
  8 orc priests
  2 hounds
  3 jellies
  A bullfrog skeleton (D:5)
  A centaur skeleton (D:7)
  2 gnoll shamans (D:8)
  Jessica (D:2)
  7 orc wizards
  Ijyb (D:3)
  4 iguanas
  8 adders
  11 gnolls (D:8)
  A howler monkey skeleton (D:5)
  A shadow imp (D:6)
  2 white imps (D:7)
  An ufetubus (D:6)
  A worm (D:2)
  30 orcs
  6 bats
  9 endoplasms
  3 giant cockroaches
  9 goblins
  5 hobgoblins
  4 jackals
  24 kobolds
  3 quokkas
  6 ball pythons
  4 frilled lizards
  5 rats
215 creatures vanquished.

Vanquished Creatures (others)
  A kobold (D:7)
  4 plants (D:9)
5 creatures vanquished.

Grand Total: 220 creatures vanquished

Table legend:
 A = Non-vault XP
 B = Vault XP
 C = Vault XP percentage of total XP
 D = Non-vault monster count
 E = Vault monster count
 F = Vault count percentage of total count
                 A         B        C        D         E       F
            +---------+---------+-------+---------+---------+-------
      Total |    6494 |    2002 |  23.6 |     186 |      29 |  13.5
            +---------+---------+-------+---------+---------+-------
        D:1 |      37 |       8 |  17.8 |      22 |       4 |  15.4
        D:2 |      67 |     284 |  80.9 |      19 |       6 |  24.0
        D:3 |      67 |      67 |  50.0 |      16 |       6 |  27.3
        D:4 |     143 |       0 |   0.0 |       6 |       0 |   0.0
        D:5 |     589 |     277 |  32.0 |      21 |       1 |   4.5
        D:6 |     715 |     836 |  53.9 |      19 |       9 |  32.1
        D:7 |    1760 |       0 |   0.0 |      32 |       0 |   0.0
        D:8 |    2333 |       0 |   0.0 |      37 |       0 |   0.0
        D:9 |     783 |     530 |  40.4 |      14 |       3 |  17.6
            +---------+---------+-------+---------+---------+-------

Illustrated notes

Table legend:
 A = Kills in this place as a percentage of kills in entire the game.
 B = Kills by you in this place as a percentage of kills by you in the entire game.
 C = Kills by friends in this place as a percentage of kills by friends in the entire game.
 D = Other kills in this place as a percentage of other kills in the entire game.
 E = Experience gained in this place as a percentage of experience gained in the entire game.
 F = Experience gained in this place divided by the number of levels of this place that you have seen.
                   A       B       C       D       E      F
               +-------+-------+-------+-------+-------+----------------------
         Total | 100.0 | 100.0 |   N/A |   N/A | 100.0 | 849.6
       Dungeon | 100.0 | 100.0 |   N/A |   N/A | 100.0 | 944.0
               +-------+-------+-------+-------+-------+----------------------

Table legend: (Time is in decaauts)
 A = Elapsed time spent in this place.
 B = Non-inter-level travel time spent in this place.
 C = Inter-level travel time spent in this place.
 D = Time resting spent in this place.
 E = Time spent auto-exploring this place.
 F = Levels seen in this place.
 G = Mean time per level.
                   A        B        C        D        E       F      G
               +--------+--------+--------+--------+--------+-----+--------+
         Total |  10326 |   9967 |    359 |   3546 |   4642 |  10 | 1032.6 |
       Dungeon |  10184 |   9850 |    334 |   3546 |   4541 |   9 | 1131.6 |
        Temple |    141 |    116 |     25 |      0 |    101 |   1 |  141.0 |
               +--------+--------+--------+--------+--------+-----+--------+

Top non-repeatable levels by time:
     D:7: 1795 daAuts
     D:6: 1765 daAuts
     D:8: 1494 daAuts
     D:3: 1380 daAuts
     D:1: 829 daAuts
     D:4: 795 daAuts
     D:5: 756 daAuts
     D:2: 713 daAuts
     D:9: 654 daAuts
  Temple: 141 daAuts
